 Dungeon Crawl Stone Soup version 0.29-a0-490-g77b3608bb8 (webtiles) character file.

Game seed: 7131339742010082703

168 happo123 the Sneak (level 5, -1/30 HPs)
             Began as a Kobold Enchanter on May 26, 2022.
             Killed from afar by Natasha (7 damage)
             ... with a magic dart
             ... on level 2 of the Dungeon.
             The game lasted 00:06:13 (2128 turns).

happo123 the Sneak (Kobold Enchanter)               Turns: 2128, Time: 00:06:14

Health: -1/30      AC:  4    Str:  5 (6)  XL:     5   Next: 78%
Magic:  0/9        EV: 15    Int: 16 (18) God:
Gold:   127        SH:  0    Dex: 14 (15) Spells: 4/9 levels left

rFire   . . .      SeeInvis .   a - +1 dagger
rCold   . . .      Faith    .   (no shield)
rNeg    . . .      Spirit   .   h - +1 robe of the Iron Devil {Will+}
rPois   .          Reflect  .   (no helmet)
rElec   .          Harm     .   k - +0 cloak
rCorr   .          Rampage  .   (no gloves)
Will    +....                   (no boots)
Stlth   ++++......              (no amulet)
HPRegen 0.10/turn               (no ring)
MPRegen 0.11/turn               (no ring)

@: no status effects
A: small, no large weapons, nightstalker 3
a: no special abilities


You were on level 2 of the Dungeon.
You visited 1 branch of the dungeon, and saw 2 of its levels.

You collected 127 gold pieces.

Inventory:

Hand Weapons
 a - a +1 dagger (weapon)
 j - a +3 quarterstaff of chaos
Armour
 h - the +1 robe of the Iron Devil (worn) {Will+}
   (You found it on level 2 of the Dungeon)

   Will:      It increases your willpower.
 k - a +0 cloak (worn)
Scrolls
 d - 4 scrolls of identify {unknown}
 g - 2 scrolls of blinking {unknown}
 i - a scroll of teleportation {unknown}
 l - a scroll of amnesia {unknown}
Potions
 b - a potion of degeneration
 c - 2 potions of invisibility
 e - 2 potions of haste {unknown}
 f - 2 potions of curing {unknown}


   Skills:
 + Level 1.7 Fighting
 + Level 2.8 Short Blades
 + Level 3.4 Dodging
 + Level 4.9 Stealth
 + Level 2.8 Spellcasting
 * Level 4.0 Hexes


You had 4 spell levels left.
You knew the following spells:

 Your Spells              Type           Power      Damage    Failure   Level
a - Ensorcelled Hibernat  Hex/Ice        16%        N/A       13%         2
b - Tukima's Dance        Hex            15%        N/A       11%         3

Your spell library contained the following spells:

 Spells                   Type           Power      Damage    Failure   Level
 Confusing Touch          Hex            15%        N/A       11%         3
 Dazzling Flash           Conj/Hex       16%        N/A       26%         3


Dungeon Overview and Level Annotations

Branches:
Dungeon (2/15)

Altars:
Makhleb

Shops:
D:1 [

Annotations:
D:2 Natasha


Innate Abilities, Weirdness & Mutations

You are small and have problems with some larger weapons.
You are completely attuned to the shadows.


Message History

The crimson imp completely misses you. Natasha claws you.
You miss Natasha.
Natasha is moderately wounded.
The crimson imp hits you. Natasha claws you.
* * * LOW HITPOINT WARNING * * *
You miss Natasha.
Natasha is moderately wounded.
The crimson imp blinks!
Natasha claws you but does no damage.
Aiming: Ensorcelled Hibernation (safe; 11% risk of failure)
Press: ? - help, Q - select action Shift-Dir - straight line, f/p - Natasha
Aim: Natasha (moderately wounded, chance to affect: 43%) Natasha resists with some effort.
The crimson imp shouts, "Go and return not, thou unctious boil-brained serf!"
Natasha claws you.
* * * LOW HITPOINT WARNING * * *
It was a potion of degeneration.
There was something very wrong with that liquid.
You feel weakened.
You feel dopey.
You feel clumsy. Natasha barely misses you.
You hit Natasha.
Natasha is heavily wounded.
Natasha claws you but does no damage.
You hit Natasha.
Natasha is severely wounded.
The crimson imp hits you but does no damage.
Natasha misses you.
You hit Natasha.
Natasha is almost dead.
The crimson imp blinks!
You barely miss Natasha.
Natasha is almost dead.
Natasha completely misses you.
You closely miss Natasha.
Natasha is almost dead.
Natasha closely misses you.
You hit Natasha but do no damage.
Natasha is almost dead.
Natasha casts a spell at you. The magic dart hits you!
You die...

.#<#.#..#.# ##.#.#.# .###.#..#.#
#...#.# .# #.#..### ##..#.# .#
#.#### ......# #..#.# .# #.#
#......+.. ##.#.. .# #.#
#......#.# ###.... .###.######
#.5....#.# #...... ..[....†...
....§.)#.######.#...#
.#.#.#########+#@##.......#.#.#.#
.#.#.......... #h##..####.#.#.#..
.#.#.######### #.##..####.#.#....
.#.#..... ...........#.##.#> .#
#.#### #.##..######.##.#. #.#
#.##.........##.#. #.####
#...........## #. #<....
####.######.# #. #.###.
##.######.# #.


You could see Natasha and a crimson imp (summoned).

Vanquished Creatures
  Crazy Yiuf (D:2)
  Natasha (twice) (D:2)
  Terence (D:2)
  3 adders (D:2)
  A dart slug (D:1)
  6 ball pythons (D:1)
  4 endoplasms
  A giant cockroach (D:1)
  3 hobgoblins
  6 jackals (D:2)
  2 quokkas
  2 bats
  A frilled lizard (D:2)
  2 goblins (D:1)
  A kobold (D:2)
  5 rats
41 creatures vanquished.

Notes
Turn   | Place    | Note
-------+----------+-------------------------------------------
     0 | D:1      | happo123 the Kobold Enchanter began the quest for the Orb.
     0 | D:1      | Reached XP level 1. HP: 10/10 MP: 3/3
   149 | D:1      | Reached XP level 2. HP: 15/15 MP: 5/5
   159 | D:1      | Learned a level 2 spell: Ensorcelled Hibernation
   519 | D:1      | Found Quvuc Enud's Armour Emporium.
   876 | D:1      | Reached XP level 3. HP: 20/20 MP: 6/6
   958 | D:2      | Noticed Natasha
   963 | D:2      | Killed Natasha
   967 | D:2      | Identified the +1 robe of the Iron Devil {Will+}
  1029 | D:2      | Reached XP level 4. HP: 14/24 MP: 1/7
  1033 | D:2      | Learned a level 3 spell: Tukima's Dance
  1244 | D:2      | Reached skill level 1 in Fighting
  1515 | D:2      | Noticed Natasha
  1521 | D:2      | Killed Natasha
  1677 | D:2      | Found a runed translucent door.
  1680 | D:2      | Noticed Crazy Yiuf
  1685 | D:2      | Killed Crazy Yiuf
  1686 | D:2      | Reached XP level 5. HP: 29/29 MP: 6/9
  1747 | D:2      | Found a burning altar of Makhleb.
  1950 | D:2      | Noticed Terence
  1954 | D:2      | Killed Terence
  2108 | D:2      | Noticed Natasha
  2128 | D:2      | Killed from afar by Natasha

Illustrated notes

Levels and vault maps discovered:
D:1:      heliophobic_arrival_ceremonial_halls, layout_basic, serial_shops,
          nicolae_diamond_shop
D:2:      layout_basic, basic_altar, uniq_natasha, uniq_terence,
          uniq_crazy_yiuf_cottage

Skill      XL: |  1  2  3  4  5 |
---------------+----------------+-----
Short Blades   | 2 |  2.8
Fighting       | 1 |  1.7
Dodging        | 3 |  3.4
Hexes          | 4 |  4.0
Stealth        | |  4.9
Spellcasting   | |  2.8

Action                   |  1- 3 |  4- 6 || total
-------------------------+-------+-------++-------
Melee: Dagger            |    44 |    41 ||    85
 Cast: Ensorcelled Hiber |     3 |    13 ||    16
  Use: Potion            |       |     1 ||     1
 Stab: Sleeping          |    11 |    15 ||    26
Armor: Robe              |     1 |     6 ||     7
Dodge: Dodged            |    35 |    20 ||    55

Table legend: (Time is in decaauts)
 A = Elapsed time spent in this place.
 B = Non-inter-level travel time spent in this place.
 C = Inter-level travel time spent in this place.
 D = Time resting spent in this place.
 E = Time spent auto-exploring this place.
 F = Levels seen in this place.
 G = Mean time per level.
                   A        B        C        D        E       F      G
               +--------+--------+--------+--------+--------+-----+--------+
         Total |   2119 |   2012 |    107 |    273 |   1443 |   2 | 1059.5 |
       Dungeon |   2119 |   2012 |    107 |    273 |   1443 |   2 | 1059.5 |
               +--------+--------+--------+--------+--------+-----+--------+

Top non-repeatable levels by time:
     D:2: 1180 daAuts
     D:1: 938 daAuts
